 Dungeon Crawl Stone Soup version 0.24-a0-581-gc0fa660 (webtiles) character file.

Game seed: 13188178763462171910

1089 Firecrotchwizard the Cudgeler (level 8, 0/63 HPs)
             Began as a Formicid Abyssal Knight on Aug 26, 2019.
             Was a Priest of Lugonu.
             Slain by a gnoll
             ... wielding a +0 club
              (3 damage)
             ... on level 6 of the Dungeon.
             The game lasted 00:14:27 (6429 turns).

Firecrotchwizard the Cudgeler (FoAK)                Turns: 6429, Time: 00:14:27

Health: 0/63       AC:  9    Str: 18    XL:     8   Next: 56%
Magic:  12/12      EV:  5    Int: 13    God:    Lugonu [***...]
Gold:   346        SH:  8    Dex: 10    Spells: 7/7 levels left

rFire    . . .     SeeInvis +   u - +2 flail (drain)
rCold    . . .     Gourm    .   t - +0 shield
rNeg     . . .     Faith    .   e - +0 chain mail
rPois    .         Spirit   .   (helmet unavailable)
rElec    .         Reflect  .   (no cloak)
rCorr    .         Harm     .   (no gloves)
MR       .....                  (no boots)
Stlth    ..........             (no amulet)
HPRegen  0.20/turn              (no ring)
MPRegen  0.13/turn              (no ring)

@: no status effects
A: permanent stasis, dig shafts and tunnels, four strong arms, antennae 3
a: Dig, Shaft Self, Depart the Abyss, Bend Space, Banish, Renounce Religion


You were on level 6 of the Dungeon.
You worshipped Lugonu.
Lugonu was most pleased with you.
You were not hungry.

You visited 1 branch of the dungeon, and saw 6 of its levels.
You visited the Abyss 1 time.

You collected 346 gold pieces.

Inventory:

Hand Weapons
 a - a +1 mace
 h - a +2 flail of crushing
   (You took it off an orc on level 3 of the Dungeon)
 o - a +0 flail
   (You took it off an orc priest on level 3 of the Dungeon)
 u - a +2 flail of draining (weapon)
   (You took it off a centaur on level 5 of the Dungeon)
Missiles
 l - 24 poisoned darts (quivered)
Armour
 b - a +0 leather armour
 e - a +0 chain mail (worn)
   (You took it off Terence on level 2 of the Dungeon)
 f - a +1 scale mail
   (You found it on level 1 of the Dungeon)
 q - a +0 plate armour
   (You found it on level 3 of the Dungeon)
 t - a +0 shield (worn)
   (You found it on level 5 of the Dungeon)
Wands
 r - a wand of paralysis (4)
   (You found it on level 3 of the Dungeon)
 v - a wand of flame (19)
   (You found it on level 6 of the Dungeon)
 A - a wand of acid (11)
   (You found it on level 6 of the Dungeon)
Scrolls
 g - 2 scrolls of enchant armour
 j - 2 scrolls of identify
 p - a scroll of remove curse
 y - a scroll of fear {unknown}
Potions
 d - a potion of cancellation {unknown}
 i - 3 potions of curing
 k - a potion of might {unknown}
 m - 2 potions of degeneration {unknown}
 n - a potion of flight {unknown}
 s - a potion of lignification {!q}
 w - a potion of magic {unknown}
 x - a potion of brilliance {unknown}
Comestibles
 c - 10 rations
 z - a chunk of flesh {@w0}


   Skills:
 + Level 5.6 Fighting
 * Level 6.2 Maces & Flails
 - Level 4.1 Armour
 - Level 1.1 Dodging
 + Level 2.9 Shields
 + Level 5.4 Invocations


You had 7 spell levels left.
You didn't know any spells.
Your spell library was empty.

Dungeon Overview and Level Annotations

Branches:
Dungeon (6/15)             Temple (0/1) D:4

Altars:
Ashenzari
Xom


Innate Abilities, Weirdness & Mutations

You cannot be hasted, slowed, berserked, paralysed or teleported.
You can dig through walls and to a lower floor.
Your four strong arms can wield two-handed weapons with a shield.
You have a pair of large antennae on your head. (SInv)


Message History

Your shield and chain mail prevent you from hitting the worker ant.
The worker ant bites you but does no damage.
The worker ant barely misses you.
You hit the worker ant but do no damage.
You drain the worker ant.
The gnoll hits you from afar with a +0 spear.
The worker ant completely misses you.
You take 4 damage, and have 51/63 hp.
You barely miss the worker ant. The worker ant closely misses you.
You block the gnoll's attack. You block the worker ant's attack.
You sock the worker ant!
You kill the worker ant!
Lugonu accepts your kill. The gnoll hits you but does no damage.
You block the gnoll's attack. You block the gnoll shaman's attack.
You block the gnoll's attack.
You hit the gnoll shaman. The gnoll hits you but does no damage.
The gnoll shaman hits you with a +0 club.
You block the gnoll's attack. The gnoll hits you.
You take 6 damage, and have 46/63 hp.
You thump the gnoll shaman!
The gnoll shaman mumbles some strange prayers to its god.
The gnoll shaman is healed somewhat.
You block the gnoll's attack. The gnoll hits you but does no damage.
You hit the gnoll shaman.
The gnoll shaman hits you but does no damage.
The gnoll hits you from afar with a +0 spear.
You block the gnoll's attack. The gnoll hits you but does no damage.
You take 4 damage, and have 42/63 hp.
You closely miss the gnoll shaman. You block the gnoll's attack.
The gnoll shaman hits you but does no damage.
The gnoll hits you but does no damage. x2
MP restored: 12 You sock the gnoll shaman!
You kill the gnoll shaman!
Lugonu accepts your kill.
The gnoll hits you from afar with a +0 spear.
The gnoll hits you but does no damage. You block the gnoll's attack.
The gnoll hits you but does no damage. You block the gnoll's attack.
You take 2 damage, and have 40/63 hp.
The gnoll hits you but does no damage. x2
Space bends around you!
You blink.
You take 2 damage, and have 38/63 hp.
You now have 11/12 mp.
The gnoll throws a throwing net.
You block the throwing net.
You see here a throwing net {=f, !d}.
MP restored: 12 Your chain mail prevents you from hitting the gnoll.
You block the gnoll's attack.
You hit the gnoll. You block the gnoll's attack.
The gnoll hits you from afar with a +0 spear.
The gnoll hits you.
You take 4 damage, and have 36/63 hp.
You thump the gnoll! You drain the gnoll.
You kill the gnoll!
Lugonu accepts your kill. You block the gnoll's attack. The gnoll hits you.
You take 1 damage, and have 35/63 hp.
You closely miss the gnoll.
The gnoll hits you from afar with a +0 spear.
You block the gnoll's attack. x2; The gnoll hits you but does no damage. x2
You take 2 damage, and have 33/63 hp.
You sock the gnoll!
You kill the gnoll!
Lugonu accepts your kill. You block the gnoll's attack.
The gnoll barely misses you. The gnoll hits you but does no damage.
The gnoll hits you. You block the gnoll's attack. The gnoll barely misses you.
You take 2 damage, and have 31/63 hp.
You hit the gnoll. You block the gnoll's attack. x2
The gnoll hits you with a +0 spear.
You take 2 damage, and have 29/63 hp.
You barely miss the gnoll. The gnoll hits you. You block the gnoll's attack.
The gnoll hits you with a +0 spear. The gnoll hits you.
* * * LOW HITPOINT WARNING * * *
You take 13 damage, and have 16/63 hp.
MASSIVE DAMAGE!!
You hit the gnoll. The gnoll hits you but does no damage.
You block the gnoll's attack. The gnoll hits you but does no damage.
You hit the gnoll. You drain the gnoll. The gnoll hits you but does no damage.
The gnoll hits you with a +0 club.
* * * LOW HITPOINT WARNING * * *
The gnoll hits you.
* * * LOW HITPOINT WARNING * * *
You take 5 damage, and have 11/63 hp.
Unknown command.
You hit the gnoll.
You kill the gnoll!
Lugonu accepts your kill. The gnoll hits you with a +0 club.
* * * LOW HITPOINT WARNING * * *
The gnoll hits you.
* * * LOW HITPOINT WARNING * * *
You take 6 damage, and have 5/63 hp.
You hit the gnoll. The gnoll hits you with a +0 club.
* * * LOW HITPOINT WARNING * * *
The gnoll hits you but does no damage.
You take 2 damage, and have 3/63 hp.
Your shield and chain mail prevent you from hitting the gnoll.
The gnoll hits you with a +0 club.
You die...

#....#....##.##.....# #.###
#....#....##.##.....####.###
##....##>....................
#.....รท..........#.#...##.###
####.....##.##......#.#...##.# #
#............(..._....#...##.###
#...........g.........#...##....
#............##.)...#.# #####
#....##.##...#g@......# ......
#....##..gg..#.g#####.# ......
#.......g#...)........ ......
#.....##.#.#.#..###### ......
#.....##)#.#.#..# ......
###.....g........ ######
#.............#.{ .
#.#.##..##.##... # #.#.##..# #
.. . .


You could see 2 gnolls.

Vanquished Creatures
  2 ogres (D:5)
  A centaur (D:5)
  A gnoll sergeant (D:6)
  A scorpion (D:4)
  A crimson imp (D:6)
  A centaur zombie (D:6)
  A hound (D:6)
  A jelly (D:5)
  2 orc wizards
  3 orc priests
  A gnoll shaman (D:6)
  2 iguanas (D:4)
  Terence (D:2)
  2 worker ants
  A hound zombie (D:5)
  A hound skeleton (D:5)
  A howler monkey skeleton (D:5)
  9 gnolls
  8 adders
  2 oozes
  6 worms
  2 leopard geckos
  20 orcs
  A ball python (D:2)
  4 bats
  3 giant cockroaches
  4 goblins
  3 hobgoblins
  2 quokkas
  7 frilled lizards
  9 kobolds
  A leopard gecko skeleton (D:4)
  A leopard gecko zombie (D:5)
  A quokka skeleton (D:5)
  5 rats
111 creatures vanquished.

Notes
Turn   | Place    | Note
-------+----------+-------------------------------------------
     0 | Abyss:1  | Firecrotchwizard the Formicid Abyssal Knight began the
                  | quest for the Orb.
     0 | Abyss:1  | Reached XP level 1. HP: 18/18 MP: 2/2
    13 | Abyss:1  | Found a corrupted altar of Lugonu.
    71 | Abyss:1  | Noticed a worldbinder
    72 | D:1      | Escaped the Abyss
   142 | D:1      | Reached * piety under Lugonu
   142 | D:1      | Reached skill level 1 in Dodging
   368 | D:1      | Reached XP level 2. HP: 24/24 MP: 3/3
   762 | D:2      | Noticed Terence
   791 | D:2      | Killed Terence
   791 | D:2      | Reached XP level 3. HP: 24/29 MP: 3/5
   829 | D:1      | HP: 6/29 [hobgoblin/cursed +0 club (4)]
  1288 | D:2      | Reached XP level 4. HP: 37/37 MP: 6/6
  1337 | D:2      | Reached skill level 3 in Maces & Flails
  1543 | D:2      | Reached skill level 3 in Invocations
  2069 | D:3      | Reached skill level 3 in Armour
  2069 | D:3      | Reached XP level 5. HP: 34/42 MP: 7/7
  2231 | D:3      | Reached skill level 4 in Fighting
  2814 | D:3      | Reached ** piety under Lugonu
  3348 | D:3      | Reached XP level 6. HP: 37/48 MP: 8/8
  3423 | D:4      | Reached skill level 4 in Maces & Flails
  3703 | D:4      | Found a staircase to the Ecumenical Temple.
  4143 | D:4      | Reached skill level 4 in Invocations
  4437 | D:4      | Reached XP level 7. HP: 55/55 MP: 10/10
  4622 | D:5      | Entered Level 5 of the Dungeon
  4701 | D:5      | Reached skill level 4 in Armour
  4719 | D:5      | Reached skill level 5 in Maces & Flails
  5089 | D:5      | Reached *** piety under Lugonu
  5089 | D:5      | Reached skill level 5 in Fighting
  5089 | D:5      | Reached skill level 1 in Shields
  5097 | D:5      | Found a shattered altar of Ashenzari.
  5266 | D:5      | HP: 14/56 [ogre/+0 giant club (22)]
  5548 | D:5      | Reached XP level 8. HP: 62/62 MP: 11/11
  5757 | D:5      | Reached skill level 2 in Shields
  5757 | D:5      | Reached skill level 5 in Invocations
  6126 | D:6      | Found a shimmering altar of Xom.
  6239 | D:6      | Reached skill level 6 in Maces & Flails
  6329 | D:6      | Found a shattered altar of Ashenzari.
  6426 | D:6      | HP: 13/63 [gnoll/+0 club (4)]
  6427 | D:6      | HP: 5/63 [gnoll (5)]
  6429 | D:6      | Slain by a gnoll

Levels and vault maps discovered:
D:1:      psy_arrival_conway, layout_loops_corners, kennysheep_decorative_pillar
D:2:      layout_basic, grunt_decor_resistance, uniq_terence
D:3:      layout_basic, chequers_serial_rivers_micro_c,
          hangedman_decor_peaks_small
D:4:      layout_basic, minmay_temple_entry_gardened_gates
D:5:      layout_loops_cross, ashenzari_altar_1, first_ration
D:6:      layout_basic, minitemple, basic_altar, xom_teletrap_fun

Skill      XL: |  1  2  3  4  5  6  7  8 |
---------------+-------------------------+-----
Dodging        | 1 |  1.1
Maces & Flails | 3 4 5 6 |  6.2
Invocations    | 3 4 5 |  5.4
Armour         | 3 4 |  4.1
Fighting       | 4 5 |  5.6
Shields        | 1 2 |  2.9

Action                   |  1- 3 |  4- 6 |  7- 9 || total
-------------------------+-------+-------+-------++-------
Melee: Mace              |    68 |   127 |       ||   195
       Flail             |       |    97 |   176 ||   273
Throw: Dart              |       |     7 |    34 ||    41
Invok: Depart the Abyss  |     1 |       |       ||     1
       Bend Space        |       |       |     2 ||     2
Evoke: Wand              |       |       |     2 ||     2
  Use: Potion            |     1 |     2 |       ||     3
       Scroll            |       |     5 |     2 ||     7
  Eat: Chunk             |     1 |    10 |     7 ||    18
Armor: Leather armour    |     8 |       |       ||     8
       Scale mail        |    18 |    81 |       ||    99
       Chain mail        |       |    23 |   102 ||   125
Dodge: Dodged            |    57 |   124 |    42 ||   223
Block: Shield            |       |       |    50 ||    50

Table legend:
 A = Non-vault XP
 B = Vault XP
 C = Vault XP percentage of total XP
 D = Non-vault monster count
 E = Vault monster count
 F = Vault count percentage of total count
                 A         B        C        D         E       F
            +---------+---------+-------+---------+---------+-------
      Total |    1521 |      36 |   2.3 |     110 |       1 |   0.9
            +---------+---------+-------+---------+---------+-------
        D:1 |      22 |       0 |   0.0 |      11 |       0 |   0.0
        D:2 |      66 |      36 |  35.3 |      21 |       1 |   4.5
        D:3 |     177 |       0 |   0.0 |      23 |       0 |   0.0
        D:4 |     228 |       0 |   0.0 |      17 |       0 |   0.0
        D:5 |     660 |       0 |   0.0 |      27 |       0 |   0.0
        D:6 |     368 |       0 |   0.0 |      11 |       0 |   0.0
            +---------+---------+-------+---------+---------+-------

Levels and vault maps discovered:
D:1:      psy_arrival_conway, layout_loops_corners, kennysheep_decorative_pillar
D:2:      layout_basic, grunt_decor_resistance, uniq_terence
D:3:      layout_basic, chequers_serial_rivers_micro_c,
          hangedman_decor_peaks_small
D:4:      layout_basic, minmay_temple_entry_gardened_gates
D:5:      layout_loops_cross, ashenzari_altar_1, first_ration
D:6:      layout_basic, minitemple, basic_altar, xom_teletrap_fun

Table legend:
 A = Turns spent in this place as a percentage of turns spent in the entire game.
 B = Non-inter-level travel turns spent in this place as a percentage of non-inter-level travel turns spent in the entire game.
 C = Inter-level travel turns spent in this place as a percentage of turns spent in this place.
 D = Turns resting spent in this place as a percentage of non-inter-level travel turns spent in this place.
 E = Turns spent auto-exploring this place as a percentage of non-inter-level travel turns spent in this place.
 F = Non-inter-level travel turns spent in this place divided by the number of levels of this place that you've seen.
                   A       B       C       D       E      F
               +-------+-------+-------+-------+-------+----------------------
         Total | 100.0 | 100.0 |   1.5 |  36.4 |  46.1 | 904.7
       Dungeon |  98.9 |  98.9 |   1.5 |  36.9 |  45.5 | 1043.5
         Abyss |   1.1 |   1.1 |   0.0 |   0.0 |  97.2 |  72.0
               +-------+-------+-------+-------+-------+----------------------

Table legend:
 A = Kills in this place as a percentage of kills in entire the game.
 B = Kills by you in this place as a percentage of kills by you in the entire game.
 C = Kills by friends in this place as a percentage of kills by friends in the entire game.
 D = Other kills in this place as a percentage of other kills in the entire game.
 E = Experience gained in this place as a percentage of experience gained in the entire game.
 F = Experience gained in this place divided by the number of levels of this place that you have seen.
                   A       B       C       D       E      F
               +-------+-------+-------+-------+-------+----------------------
         Total | 100.0 | 100.0 |   N/A |   N/A | 100.0 | 222.4
       Dungeon | 100.0 | 100.0 |   N/A |   N/A | 100.0 | 259.5
               +-------+-------+-------+-------+-------+----------------------
